 Dungeon Crawl Stone Soup version 0.17.2-1-ge4368a0 (webtiles) character file.

270 Goblin1989 the Cudgeler (level 6, -1/63 HPs)
             Began as an Ogre Gladiator on Dec 20, 2016.
             Slain by an orc
             ... wielding a +0 morningstar
              (6 damage)
             ... on level 4 of the Dungeon.
             The game lasted 00:08:50 (3473 turns).

Goblin1989 the Cudgeler (Ogre Gladiator)            Turns: 3473, Time: 00:08:50

Health: -1/63      AC:  3    Str: 21    XL:     6   Next: 22%
Magic:  6/6        EV: 11    Int:  7    God:
Gold:   107        SH:  0    Dex: 12    Spells: 0 memorised, 5 levels left

rFire  . . .     SeeInvis .     a - +0 flail
rCold  . . .     Clarity  .     b - +0 robe
rNeg   . . .     SustAt   .     (no shield)
rPois  .         Gourm    .     c - +0 hat
rElec  .         Spirit   .     (no cloak)
rCorr  .         Warding  .     (gloves unavailable)
rMut   .         Stasis   .     (boots unavailable)
MR     .....                    (no amulet)
Stlth  +.........               (no ring)
                                n - ring of wizardry

@: lethally poisoned (-1 -> -2), not resistant to hostile enchantments, very
unstealthy
A: unfitting armour, tough skin 1
a: no special abilities


You were on level 4 of the Dungeon.
You were very hungry.

You visited 1 branch of the dungeon, and saw 4 of its levels.

You collected 107 gold pieces.

Inventory:

Hand Weapons
 a - a +0 flail (weapon)
Missiles
 Z - 3 throwing nets {=f, !d}
Armour
 b - a +0 robe (worn)
 c - a +0 hat (worn)
Jewellery
 n - a ring of wizardry (left hand)
Scrolls
 f - a scroll of enchant armour {unknown}
 h - a scroll of random uselessness {unknown}
 i - 3 scrolls of remove curse {unknown}
 k - 2 scrolls of enchant weapon {unknown}
 l - 4 scrolls of identify {unknown}
 o - a scroll of fear {unknown}
 q - a scroll of amnesia {unknown}
 r - a scroll of blinking {unknown}
 v - a scroll of teleportation {unknown}
 w - a scroll of immolation {unknown}
Potions
 d - a potion of cancellation {unknown}
 g - a potion of brilliance {unknown}
 j - a potion of experience {unknown}
 p - a potion of curing {unknown}
 t - a potion of flight {unknown}
 u - a potion of poison {unknown}
Comestibles
 e - 3 bread rations {@e1}
 m - 2 beef jerkies
 s - 3 meat rations {@e2}


   Skills:
 + Level 4.5 Fighting
 * Level 6.5 Maces & Flails
 - Level 2.0 Throwing
 + Level 1.6 Armour
 * Level 3.6 Dodging


You had 5 spell levels left.
You didn't know any spells.

Dungeon Overview and Level Annotations

Branches:
Dungeon (4/15)
 Temple: D:4-7

Altars:


Innate Abilities, Weirdness & Mutations

You are too large for most types of armour.
You have tough skin (AC +1).


Message History

* * * LOW HITPOINT WARNING * * *
You are poisoned.
The adder poisons you! The orc closely misses you.
The adder closely misses you.
You take 4 damage, and have 6/63 hp.
You sock the adder!
You kill the adder!
You feel sick. The orc closely misses you.
You take 1 damage, and have 5/63 hp.
Unknown command.
Drink which item? (? for menu, Esc to quit)
Okay, then.
You sock the orc!
The orc is severely wounded.
The orc closely misses you.
You thump the orc!
You kill the orc!
You feel sick.
You hit the orc but do no damage. The orc hits you with a morningstar.
You die...

█$........█ █.........█
█.........█ █.........█
█.<.......█ ██.......████
█...........█ .
█...........█████████....
█........<....o@.†.......
..........<.██████████....
██..........█ .
██.......█.█ ██.....██.█
█████...<. ████.██ █.. █.


You could see an orc.

Vanquished Creatures
  2 orc wizards
  A centaur skeleton (D:4)
  9 adders
  4 worms
  3 giant geckos
  7 orcs
  2 ball pythons
  3 giant cockroaches (D:1)
  8 goblins
  11 hobgoblins
  7 jackals
  8 kobolds
  A quokka (D:3)
  10 bats
  2 giant newts
  10 rats
88 creatures vanquished.

Notes
Turn   | Place    | Note
--------------------------------------------------------------
     0 | D:1      | Goblin1989 the Ogre Gladiator began the quest for the Orb.
     0 | D:1      | Reached XP level 1. HP: 22/22 MP: 1/1
   133 | D:1      | Reached XP level 2. HP: 19/29 MP: 2/2
   399 | D:1      | Reached XP level 3. HP: 16/37 MP: 3/3
   649 | D:1      | Reached skill level 5 in Maces & Flails
  1204 | D:2      | Reached XP level 4. HP: 30/45 MP: 4/4
  1733 | D:2      | Reached skill level 1 in Armour
  2379 | D:3      | Reached XP level 5. HP: 36/54 MP: 5/5
  2940 | D:3      | Reached skill level 6 in Maces & Flails
  3455 | D:4      | Reached XP level 6. HP: 28/62 MP: 6/6
  3473 | D:4      | Slain by an orc

Action                   |  1- 3 |  4- 6 || total
-------------------------+-------+-------++-------
Melee: Flail             |   112 |   170 ||   282
 Stab: Sleeping          |       |     1 ||     1
  Eat: Chunk             |       |     7 ||     7

Vault maps used:
D:1:      dpeg_arrival_windows_large_door
D:2:      first_bread
D:3:      kennysheep_generic_room_10
D:4:      minitemple, serial_shops, shop, grunt_decor_one_mirror, uniq_robin
